 Dungeon Crawl Stone Soup version 0.20-a0-421-gf6b327c (webtiles) character file.

2065 witty the Destroyer (level 9, 0/54 HPs)
             Began as a Tengu Air Elementalist on Dec 31, 2016.
             Was a Believer of Sif Muna.
             Slain by a two-headed ogre
             ... wielding a +0 giant club
              (26 damage)
             ... on level 7 of the Dungeon.
             The game lasted 00:21:57 (6832 turns).

witty the Destroyer (Tengu Air Elementalist)        Turns: 6832, Time: 00:21:58

Health: 0/54       AC:  4    Str:  9    XL:     9   Next: 26%
Magic:  7/18       EV: 14    Int: 18    God:    Sif Muna [**....]
Gold:   111        SH:  0    Dex: 15    Spells: 5/19 levels left

rFire  . . .     SeeInvis .     G - +0 whip of Dutran {drain, *Noise +Inv MR+} (curse)
rCold  . . .     Gourm    .     a - +0 robe
rNeg   . . .     Faith    .     (no shield)
rPois  .         Spirit   .     m - +1 hat
rElec  .         Reflect  .     t - +0 cloak
rCorr  .         Harm     .     (no gloves)
MR     +....                    (boots unavailable)
Stlth  ++........               (no amulet)
                                (no ring)
                                (no ring)

@: repel missiles, divine energy
A: beak, talons 3, able to fly 1
a: Fly, Stop Divine Energy, Renounce Religion, Evoke Invisibility


You were on level 7 of the Dungeon.
You worshipped Sif Muna.
Sif Muna was pleased with you.
You were not hungry.

You visited 2 branches of the dungeon, and saw 8 of its levels.

You collected 313 gold pieces.
You spent 202 gold pieces at shops.

Inventory:

Hand Weapons
 n - a cursed -3 hunting sling
   (You found it on level 6 of the Dungeon)
 s - a +2 whip of venom
   (You took it off a kobold on level 3 of the Dungeon)
 G - the cursed +0 whip of Dutran (weapon) {drain, *Noise +Inv MR+}
   (You bought it in a shop on level 5 of the Dungeon)

   A truly terrible weapon, it drains the life of those it strikes.
   It affects your resistance to hostile enchantments.
   It lets you turn invisible.
   It may make noises in combat.
   It has a curse placed upon it.
Missiles
 g - 7 curare-tipped needles
Armour
 a - a +0 robe (worn)
 m - a +1 hat (worn)
   (You found it on level 2 of the Dungeon)
 t - a +0 cloak (worn)
   (You found it on level 2 of the Dungeon)
Jewellery
 u - a +5 ring of slaying {unknown}
   (You found it on level 7 of the Dungeon)
Wands
 A - a wand of disintegration (13/24)
   (You took it off an orc wizard on level 6 of the Dungeon)
Scrolls
 e - 2 scrolls of identify
 i - 2 scrolls of teleportation
 q - a scroll of vulnerability {unknown}
 v - 2 scrolls of fear
 w - 9 scrolls of remove curse
 y - a scroll of recharging {unknown}
 C - a scroll of blinking {unknown}
Potions
 d - a potion of lignification {!q}
 f - 4 potions of heal wounds
 j - a potion of magic {unknown}
 k - 2 potions of cancellation {unknown}
 l - a potion of might
 p - 2 potions of haste
 x - a potion of invisibility
 F - a potion of curing
Books
 b - a book of Air
 z - a book of Frost
   (You found it on level 6 of the Dungeon)
 B - a book of Minor Magic
   (You found it on level 4 of the Dungeon)
 E - a Young Poisoner's Handbook
   (You found it on level 7 of the Dungeon)
Comestibles
 c - 3 bread rations {@e1}
 h - a beef jerky
 o - 7 fruits
 r - 2 meat rations {@e2}
 D - a chunk of flesh {@w0}


   Skills:
 + Level 5.1 Fighting
 + Level 3.5 Dodging
 - Level 2.0 Stealth
 + Level 5.6 Spellcasting
 + Level 8.4 Conjurations
 + Level 8.1 Air Magic


You had 5 spell levels left.
You knew the following spells:

 Your Spells              Type           Power        Failure   Level  Hunger
a - Shock                 Conj/Air       ####         1%          1    None
b - Static Discharge      Conj/Air       #####...     1%          3    ##.....
c - Magic Dart            Conj           ####         1%          1    None
d - Repel Missiles        Chrm/Air       ###...       3%          2    None
s - Swiftness             Chrm/Air       ###.....     3%          2    None
x - Lightning Bolt        Conj/Air       #####.....   14%         5    #####..


Dungeon Overview and Level Annotations

Branches:
Dungeon (7/15)             Temple (1/1) D:4

Altars:
Cheibriados
Elyvilon
Fedhas
Hepliaklqana
Makhleb
Sif Muna
Vehumet
Xom

Shops:
D:5 (


Innate Abilities, Weirdness & Mutations

You have a beak for a mouth.
You have claws for feet.
You can fly.


Message History

You kill the white imp!
The bolt of lightning misses the kobold demonologist.
You are feeling hungry.
You hear a screech!
You hear two shouts!
The ufetubus hits you. The ufetubus closely misses you.
The rust devil barely misses you. The ufetubus barely misses you.
The ufetubus closely misses you.
The kobold demonologist casts a spell.
You take 3 damage, and have 39/53 hp.
You now have 13/18 mp.
Unknown command.
Aim: a kobold demonologist, wielding a dagger and wearing a robe (lightly wounded)
You hear a mighty clap of thunder!
The bolt of lightning hits the rust devil.
The rust devil completely resists.
The bolt of lightning misses the hellwing.
The bolt of lightning hits the kobold demonologist.
You hear two shouts!
The ufetubus closely misses you. The ufetubus hits you.
The rust devil barely misses you.
You take 1 damage, and have 38/53 hp.
You now have 8/18 mp.
Aim: a kobold demonologist, wielding a dagger and wearing a robe (heavily wounded)
You hear a mighty clap of thunder!
The bolt of lightning misses the rust devil.
The bolt of lightning misses the hellwing.
The bolt of lightning hits the kobold demonologist.
You kill the kobold demonologist!
Sif Muna accepts your kill.
The rust devil disappears in a puff of smoke!
The ufetubus disappears in a puff of smoke!
The hellwing disappears in a puff of smoke!
Your Fighting skill increases to level 5!
Your Air Magic skill increases to level 8!
You are feeling very hungry.
You now have 3/18 mp.
Unknown command.
You start resting.
Eating one of 4 chunks of flesh {@w0}.
You eat one of the 4 chunks of flesh {@w0}.
You are no longer corroded.
You regained 2 hp, and now have 41/54 hp.
You regained 2 mp, and now have 5/18 mp.
You start resting.
A quokka comes into view.
A quokka is nearby!
You start resting.
Eating one of 3 chunks of flesh {@w0}.
You eat one of the 3 chunks of flesh {@w0}.
You are feeling hungry.
You regained 10 hp, and now have 52/54 hp.
You regained 9 mp, and now have 14/18 mp.
Things that are here:
a dagger; a robe; a kobold corpse You regained 2 mp, and now have 16/18 mp.
There is a stone staircase leading down here.
The quokka is too close now for your liking.
Health restored: 54; MP restored: 18 A quokka is nearby!
A quokka is nearby!
A quokka is nearby!
A quokka is nearby!
Aim: a quokka The zap hits the quokka.
You kill the quokka!
Sif Muna accepts your kill.
All of the chunks of flesh in your inventory have rotted away.
You now have 17/18 mp.
You can't see any susceptible monsters within range! (Use Z to cast anyway.) Unknown command.
You see here a quokka corpse.
You butcher the quokka corpse.
D - a chunk of flesh {@w0} MP restored: 18 A hound zombie comes into view.
A hound zombie is nearby!
A hound zombie is nearby!
A hound zombie is nearby!
A hound zombie is nearby!
An adder comes into view.
A two-headed ogre comes into view. It is wielding two giant clubs.
The two-headed ogre shouts in stereo!
The hound zombie misses you. The hound zombie misses you.
The hound zombie completely misses you.
You can't see that place. [a rock wall.]
Okay, then.
The zap hits the two-headed ogre. x2; The hound zombie barely misses you.
The hound zombie bites you.
You take 1 damage, and have 53/54 hp.
You now have 17/18 mp.
You hear a mighty clap of thunder!
The bolt of lightning hits the two-headed ogre.
You hear an angry hiss.
You hear a shout!
You hear an angry hiss.
You hear a screech!
The hound zombie closely misses you.
You now have 12/18 mp.
You miscast Lightning Bolt.
Sif Muna protects you from the effects of your miscast!
The two-headed ogre hits you with a giant club!!
Ouch! That really hurt!
The two-headed ogre hits you with a giant club!!
You die...

#.....#....#####
.............>.... .
##....#.(...#.....# #. #....
##...##.....# #.# #...
##.###...... ##..##..##
#.##.###(.# .........##
#.#.###...#
.#######..#....####.####....#
.........?Z@......⌠.........
.##....?....O..####.####....#
..............###.#.#. ##...#
....../......###.##.##.###...
...[............###.###....##
..S=........#...##...##...##
[....?......#...#.....#.....
###...............#.(...#.#.#
####..........#............


You could see a two-headed ogre and a hound zombie.

Vanquished Creatures
  A kobold demonologist (D:7)
  A sky beast (D:6)
  A necrophage (D:4)
  2 ogres (D:5)
  A centaur (D:5)
  2 bullfrogs
  A gnoll sergeant (D:3)
  A water moccasin skeleton (D:7)
  A scorpion (D:5)
  2 wights (D:6)
  2 crimson imps
  3 bullfrog zombies (D:5)
  10 orc wizards
  A hound (D:4)
  4 orc priests
  An iguana (D:4)
  4 worker ants
  A howler monkey zombie (D:6)
  4 gnolls (D:3)
  11 adders
  An ooze (D:4)
  An adder skeleton (D:7)
  4 worms
  3 dart slugs
  4 leopard geckos
  29 orcs
  7 giant cockroaches
  15 goblins
  3 hobgoblins
  2 quokkas
  A ball python (D:4)
  8 bats
  3 frilled lizards
  A jackal zombie (D:5)
  5 kobolds
  8 rats
149 creatures vanquished.

Notes
Turn   | Place    | Note
-------+----------+-------------------------------------------
     0 | D:1      | witty the Tengu Air Elementalist began the quest for the Orb.
     0 | D:1      | Reached XP level 1. HP: 10/10 MP: 4/4
    82 | D:1      | Reached skill level 2 in Conjurations
   270 | D:1      | Reached XP level 2. HP: 15/15 MP: 0/6
   961 | D:2      | Reached skill level 3 in Conjurations
   961 | D:2      | Reached XP level 3. HP: 14/19 MP: 2/8
  1556 | D:2      | Reached skill level 3 in Spellcasting
  1881 | D:3      | Reached XP level 4. HP: 11/24 MP: 3/9
  2049 | D:3      | Noticed a gnoll sergeant
  2061 | D:3      | Reached skill level 4 in Conjurations
  2379 | D:3      | Gained mutation: You can fly. [Tengu growth]
  2379 | D:3      | Reached XP level 5. HP: 28/28 MP: 7/11
  2538 | D:3      | Reached skill level 1 in Fighting
  2606 | D:3      | Reached skill level 5 in Conjurations
  2615 | D:3      | Reached XP level 6. HP: 16/35 MP: 3/12
  2858 | D:3      | Reached skill level 2 in Fighting
  2962 | D:3      | Found a deep blue altar of Sif Muna.
  2970 | D:3      | Reached skill level 5 in Air Magic
  3132 | D:3      | Became a worshipper of Sif Muna the Loreminder
  3640 | D:4      | Reached XP level 7. HP: 40/40 MP: 7/13
  3644 | D:4      | Learned a level 2 spell: Repel Missiles
  3650 | D:4      | Learned a level 5 spell: Lightning Bolt
  3653 | D:4      | Learned a level 2 spell: Swiftness
  3828 | D:4      | Found a staircase to the Ecumenical Temple.
  3915 | D:4      | Reached skill level 6 in Conjurations
  3917 | D:4      | Reached skill level 4 in Spellcasting
  3967 | D:4      | Reached skill level 3 in Fighting
  4108 | D:4      | Found a burning altar of Makhleb.
  4108 | D:4      | Found a shimmering altar of Xom.
  4403 | D:4      | Reached skill level 6 in Air Magic
  4565 | D:4      | Reached * piety under Sif Muna
  4626 | D:5      | Entered Level 5 of the Dungeon
  4649 | D:5      | Learned a level 3 spell: Static Discharge
  4694 | D:5      | Reached XP level 8. HP: 25/48 MP: 6/15
  5010 | D:5      | Found a radiant altar of Vehumet.
  5010 | D:5      | Found a hazy altar of Hepliaklqana.
  5115 | D:5      | Reached skill level 4 in Fighting
  5115 | D:5      | Reached skill level 7 in Conjurations
  5146 | D:5      | Found a snail-covered altar of Cheibriados.
  5160 | D:5      | Found Fuamep's Antique Weapon Shoppe.
  5177 | D:5      | Bought an encrusted whip for 202 gold pieces
  5207 | D:4      | Identified the cursed +0 whip of Dutran {drain, *Noise +Inv MR+} (You bought it in a shop on level 5 of the Dungeon)
  5216 | Temple   | Entered the Ecumenical Temple
  5670 | D:5      | Reached skill level 7 in Air Magic
  6117 | D:6      | Reached skill level 5 in Spellcasting
  6241 | D:6      | Learned a level 1 spell: Magic Dart
  6290 | D:6      | Reached skill level 8 in Conjurations
  6303 | D:6      | Reached ** piety under Sif Muna
  6486 | D:6      | Reached skill level 3 in Dodging
  6486 | D:6      | Reached XP level 9. HP: 52/53 MP: 12/18
  6609 | D:7      | Found a white marble altar of Elyvilon.
  6681 | D:7      | Noticed a kobold demonologist
  6682 | D:7      | Noticed a rust devil
  6696 | D:7      | Noticed a hellwing
  6697 | D:7      | Killed a kobold demonologist
  6697 | D:7      | Reached skill level 5 in Fighting
  6697 | D:7      | Reached skill level 8 in Air Magic
  6821 | D:7      | Noticed a two-headed ogre
  6832 | D:7      | Slain by a two-headed ogre

Vault maps used:
D:1:      grunt_arrival_crossed_arrows, minmay_cut_off
D:3:      led_sif_book
D:4:      grunt_temple_overflow_champion_of_chaos, first_bread
D:5:      gammafunk_temple_overflow_statue, serial_shops,
          nicolae_shop_window_shopping, cheibriados_altar_1
D:6:      serial_curves, eino_curves_01, eino_curves_02, eino_curves_04,
          eino_curves_03
D:7:      kennysheep_ying_yang, the_bakery, kb_rosetta
Temple:   dshaligram_water_room_temple

Skill      XL: |  1  2  3  4  5  6  7  8  9 |
---------------+----------------------------+-----
Conjurations   | 2 3 4 5 6 8 |  8.4
Spellcasting   | 3 4 5 |  5.6
Fighting       | 1 2 3 4 5 |  5.1
Air Magic      | 5 6 7 8 |  8.1
Dodging        | 3 |  3.5
Stealth        | |  2.0

Action                   |  1- 3 |  4- 6 |  7- 9 || total
-------------------------+-------+-------+-------++-------
Melee: Unarmed           |     8 |    25 |       ||    33
       Peck              |     3 |     3 |     3 ||     9
       Kick              |     4 |     6 |     4 ||    14
       Spear             |       |    15 |     1 ||    16
       Whip              |       |       |    24 ||    24
 Cast: Shock             |    81 |    93 |   173 ||   347
       Repel Missiles    |       |       |     1 ||     1
       Lightning Bolt    |       |       |     4 ||     4
Invok: Divine Energy     |       |       |     1 ||     1
  Use: Scroll            |       |       |    15 ||    15
 Stab: Distracted        |       |     1 |       ||     1
  Eat: Chunk             |     3 |     6 |    11 ||    20
Armor: Robe              |    14 |     8 |    11 ||    33
Dodge: Dodged            |    25 |    30 |    62 ||   117
       Deflected         |       |       |     2 ||     2

Vault maps used:
D:1:      grunt_arrival_crossed_arrows, minmay_cut_off
D:3:      led_sif_book
D:4:      grunt_temple_overflow_champion_of_chaos, first_bread
D:5:      gammafunk_temple_overflow_statue, serial_shops,
          nicolae_shop_window_shopping, cheibriados_altar_1
D:6:      serial_curves, eino_curves_01, eino_curves_02, eino_curves_04,
          eino_curves_03
D:7:      kennysheep_ying_yang, the_bakery, kb_rosetta
Temple:   dshaligram_water_room_temple

Table legend:
 A = Turns spent in this place as a percentage of turns spent in the entire game.
 B = Non-inter-level travel turns spent in this place as a percentage of non-inter-level travel turns spent in the entire game.
 C = Inter-level travel turns spent in this place as a percentage of turns spent in this place.
 D = Turns resting spent in this place as a percentage of non-inter-level travel turns spent in this place.
 E = Turns spent auto-exploring this place as a percentage of non-inter-level travel turns spent in this place.
 F = Non-inter-level travel turns spent in this place divided by the number of levels of this place that you've seen.
                   A       B       C       D       E      F
               +-------+-------+-------+-------+-------+----------------------
         Total | 100.0 | 100.0 |   0.9 |   3.9 |  10.9 | 247.9
       Dungeon |  99.9 |  99.9 |   0.9 |   3.9 |  10.9 | 283.1
        Temple |   0.1 |   0.1 |   0.0 |   0.0 |   0.0 |   1.0
               +-------+-------+-------+-------+-------+----------------------

Table legend:
 A = Kills in this place as a percentage of kills in entire the game.
 B = Kills by you in this place as a percentage of kills by you in the entire game.
 C = Kills by friends in this place as a percentage of kills by friends in the entire game.
 D = Other kills in this place as a percentage of other kills in the entire game.
 E = Experience gained in this place as a percentage of experience gained in the entire game.
 F = Experience gained in this place divided by the number of levels of this place that you have seen.
                   A       B       C       D       E      F
               +-------+-------+-------+-------+-------+----------------------
         Total | 100.0 | 100.0 |  -nan |  -nan | 100.0 | 368.8
       Dungeon | 100.0 | 100.0 |  -nan |  -nan | 100.0 | 421.4
               +-------+-------+-------+-------+-------+----------------------
